 Seeded DCSS version 0.31-a0-1074-g0b22e4e0f1 (webtiles) character file.

Game seed: 17935667050119123947 (custom seed)

615 Hubris850 the Shooter (level 7, -1/40 HPs)
             Began as a Kobold Hexslinger on Nov 30, 2023.
             Was a Follower of Okawaru.
             Slain by a vampire mosquito (8 damage)
             ... on level 5 of the Dungeon.
             The game lasted 00:08:32 (3595 turns).

Hubris850 the Shooter (Kobold Hexslinger)           Turns: 3595, Time: 00:08:32

Health: -1/40      AC:  6    Str:  6    XL:     7   Next: 73%
Magic:  8/8        EV: 14    Int: 14    God:    Okawaru [*.....]
Gold:   229        SH:  0    Dex: 19    Spells: 8/8 levels left

rFire   . . .        b - +2 short sword (speed)
rCold   . . .        (no shield)
rNeg    . . .        f - +0 acid dragon scales
rPois   .            (no helmet)
rElec   .            (no cloak)
rCorr   +            (no gloves)
SInv    .            (no boots)
Will    .....        o - amulet of regeneration
Stlth   ++++         (no ring)
HPRegen 1.06/turn    (no ring)
MPRegen 0.11/turn

%: no passive effects
@: studying Armour
A: small, no large weapons, nightstalker 3
a: Renounce Religion, Heroism


You were on level 5 of the Dungeon.
You worshipped Okawaru.
Okawaru was aware of your devotion.
You visited 1 branch of the dungeon, and saw 5 of its levels.

You collected 229 gold pieces.

Inventory:

Hand Weapons
 a - a +1 sling
 b - a +2 short sword of speed (weapon)
 t - a +2 short sword of venom
Missiles
 h - 3 boomerangs
 n - 4 poisoned darts
Armour
 c - a +0 robe
 f - +0 acid dragon scales (worn)
 y - a +1 robe of resistance
 z - a +0 ring mail of cold resistance
Magical Staves
 i - a staff of poison
Jewellery
 k - an amulet of faith
 o - an amulet of regeneration (around neck)
 s - a +6 ring of intelligence
 w - a ring of resist corrosion
Scrolls
 d - 2 scrolls of fog {unknown}
 g - a scroll of blinking {unknown}
 m - 3 scrolls of identify {unknown}
 u - a scroll of enchant weapon {unknown}
 v - 2 scrolls of immolation {unknown}
 A - a scroll of amnesia {unknown}
Potions
 j - a potion of heal wounds {unknown}
 l - a potion of lignification {unknown}
 p - 2 potions of attraction {unknown}
 q - a potion of magic {unknown}
 r - a potion of enlightenment {unknown}
 x - a potion of degeneration {unknown}
 B - a potion of mutation {unknown}


   Skills:
 - Level 2.0 Fighting
 + Level 5.9 Short Blades
 + Level 6.8 Ranged Weapons
 - Level 3.5 Dodging
 - Level 4.0 Stealth
 - Level 1.1 Spellcasting
 - Level 3.0 Hexes
 - Level 1.0 Fire Magic


You had 8 spell levels left.
You didn't know any spells.
Your spell library contained the following spells:

 Spells                   Type           Power      Damage    Failure   Level
 Jinxbite                 Hex            18%        N/A       24%         2
 Sigil of Binding         Hex            9%         N/A       43%         3
 Shock                    Conj/Air       0%         1d3       47%         1
 Inner Flame              Hex/Fire       6%         N/A       56%         3
 Cause Fear               Hex            4%         N/A       83%         4
 Stone Arrow              Conj/Erth      0%         3d7       85%         3
 Swiftness                Air            0%         N/A       85%         3
 Dimensional Bullseye     Hex/Tloc       2%         N/A       96%         4
 Airstrike                Air            0%         2d(0-16)  99%         4
 Lehudib's Crystal Spear  Conj/Erth      0%         10d2      100%        8
 Animate Armour           Summ/Erth      Unusable   N/A       N/A         4

Dungeon Overview and Level Annotations

Branches:
Dungeon (5/15)
 Temple: D:4-7

Altars:
Fedhas
Gozag
Hepliaklqana
Kikubaaqudgha
Makhleb
Okawaru
Qazlal
Ru
Sif Muna
Uskayaw
Wu Jian
Xom

Shops:
D:3 *   D:4 (


Innate Abilities, Weirdness & Mutations

You are small and have problems with some larger weapons.
You are completely attuned to the shadows.


Message History

The vampire mosquito is moderately damaged.
The vampire mosquito closely misses you.
You hit the vampire mosquito.
The vampire mosquito is moderately damaged.
The vampire mosquito closely misses you.
You hit the vampire mosquito.
The vampire mosquito is moderately damaged.
The vampire mosquito barely misses you.
You hit the vampire mosquito but do no damage.
The vampire mosquito is moderately damaged.
The vampire mosquito bites you!
The vampire mosquito draws strength from your injuries!
You hit the vampire mosquito.
The vampire mosquito is moderately damaged.
The vampire mosquito bites you!
The vampire mosquito draws strength from your injuries!
You barely miss the vampire mosquito.
The vampire mosquito closely misses you.
You miss the vampire mosquito. The vampire mosquito bites you!
The vampire mosquito draws strength from your injuries!
You barely miss the vampire mosquito.
The vampire mosquito completely misses you.
You hit the vampire mosquito.
The vampire mosquito is lightly damaged.
The vampire mosquito barely misses you.
You closely miss the vampire mosquito.
The vampire mosquito is lightly damaged.
You hit the vampire mosquito.
The vampire mosquito is moderately damaged.
The vampire mosquito bites you.
The vampire mosquito draws strength from your injuries!
You hit the vampire mosquito.
The vampire mosquito is moderately damaged.
The vampire mosquito bites you!
* * * LOW HITPOINT WARNING * * *
The vampire mosquito draws strength from your injuries!
You hit the vampire mosquito.
The vampire mosquito is lightly damaged.
The vampire mosquito bites you!
You die...

§§° §.# #O# #
#y# ##. #@#
...####§#
#...##○#
+...'§○#
#...##§#
##...#######
...#........
.###...##.....
#...#..#......


You could see a vampire mosquito and an ogre.

Vanquished Creatures
  Grinder (D:3)
  An ice beast (D:5)
  2 ogres
  Terence (D:3)
  6 adders
  2 worms (D:2)
  3 orcs
  8 ball pythons
  6 endoplasms
  6 giant cockroaches
  7 goblins
  4 hobgoblins
  2 jackals (D:4)
  8 kobolds
  2 quokkas
  6 bats
  7 rats
  A spectral goblin (D:3)
73 creatures vanquished.

Notes
Turn   | Place    | Note
-------+----------+-------------------------------------------
     0 | D:1      | Hubris850 the Kobold Hexslinger began the quest for the
                  | Orb.
     0 | D:1      | Reached XP level 1. HP: 12/12 MP: 2/2
    82 | D:1      | Found a faded altar of an unknown god.
   121 | D:1      | Reached XP level 2. HP: 16/16 MP: 3/3
   136 | D:1      | Reached skill level 1 in Stealth
   185 | D:1      | Reached skill level 3 in Ranged Weapons
   639 | D:2      | Reached skill level 1 in Short Blades
   639 | D:2      | Reached XP level 3. HP: 21/21 MP: 4/4
   768 | D:2      | Reached XP level 4. HP: 26/26 MP: 5/5
  1650 | D:3      | Found an iron altar of Okawaru.
  1653 | D:3      | Found a blossoming altar of Fedhas.
  1670 | D:3      | Found a hide-covered altar of Uskayaw.
  1673 | D:3      | Found a burning altar of Makhleb.
  1703 | D:3      | Became a worshipper of Warmaster Okawaru
  1751 | D:3      | Noticed Terence
  1770 | D:3      | Killed Terence
  1771 | D:3      | Reached XP level 5. HP: 5/30 MP: 6/6
  1988 | D:3      | Noticed an ogre
  1998 | D:3      | Killed an ogre
  1999 | D:3      | Reached skill level 4 in Ranged Weapons
  1999 | D:3      | Reached XP level 6. HP: 35/35 MP: 7/7
  2005 | D:3      | Noticed Grinder
  2040 | D:3      | Killed Grinder
  2040 | D:3      | Reached * piety under Okawaru
  2041 | D:3      | Reached skill level 5 in Ranged Weapons
  2041 | D:3      | Reached XP level 7. HP: 30/40 MP: 8/8
  2108 | D:3      | Found an opulent altar of Gozag.
  2310 | D:3      | Found a shimmering altar of Xom.
  2382 | D:3      | Found a hazy altar of Hepliaklqana.
  2505 | D:3      | Found Gozag's Platinum Reserve.
  2772 | D:4      | Found Siti's Weapon Emporium.
  2946 | D:4      | Found a sacrificial altar of Ru.
  2947 | D:4      | Found a shimmering blue altar of Sif Muna.
  2949 | D:4      | Found a stormy altar of Qazlal.
  2951 | D:4      | Found an ornate altar of the Wu Jian Council.
  2951 | D:4      | Found an ancient bone altar of Kikubaaqudgha.
  3210 | D:4      | Reached skill level 5 in Short Blades
  3210 | D:4      | Reached skill level 6 in Ranged Weapons
  3495 | D:5      | Entered Level 5 of the Dungeon
  3578 | D:5      | Noticed a vampire mosquito
  3595 | D:5      | Slain by a vampire mosquito

Illustrated notes

Levels and vault maps discovered:
D:1:      lightli_arrival_farm, layout_rooms, basic_ecumenical_altar
D:2:      layout_basic
D:3:      layout_basic, nicolae_hepliaklqana_monster_ancestors,
          lemuel_round_altar, grunt_temple_overflow_cloverleaf,
          nicolae_gozag_zags_fifth_avenue, uniq_terence, uniq_grinder
D:4:      layout_basic, grunt_temple_overflow_open, serial_shops,
          kennysheep_mini
D:5:      layout_basic, eino_small_chamber_without_monster, minmay_manual_mail

Skill      XL: |  1  2  3  4  5  6  7 |
---------------+----------------------+-----
Stealth        | 1 2 3 4 |  4.0
Ranged Weapons | 3 4 5 6 |  6.8
Short Blades   | 1 2 3 4 5 |  5.9
Dodging        | 3 |  3.5
Fighting       | 2 |  2.0
Spellcasting   | |  1.1
Hexes          | |  3.0
Fire Magic     | |  1.0

Action                     |  1- 3 |  4- 6 |  7- 9 || total
---------------------------+-------+-------+-------++-------
  Melee: Short sword       |     3 |    54 |    59 ||   116
         Punch             |       |       |     3 ||     3
   Fire: Sling             |    51 |    57 |    56 ||   164
    Use: Scroll            |       |       |     1 ||     1
   Stab: Sleeping          |     2 |       |       ||     2
 Armour: Robe              |     1 |       |       ||     1
         Acid dragon scale |     7 |    22 |    22 ||    51
  Dodge: Dodged            |    11 |    39 |    38 ||    88

Table legend: (Time is in decaauts)
 A = Elapsed time spent in this place.
 B = Non-inter-level travel time spent in this place.
 C = Inter-level travel time spent in this place.
 D = Time resting spent in this place.
 E = Time spent auto-exploring this place.
 F = Levels seen in this place.
 G = Mean time per level.
                   A        B        C        D        E       F      G
               +--------+--------+--------+--------+--------+-----+--------+
         Total |   3607 |   3515 |     92 |     22 |   3010 |   5 |  721.4 |
       Dungeon |   3607 |   3515 |     92 |     22 |   3010 |   5 |  721.4 |
               +--------+--------+--------+--------+--------+-----+--------+

Top non-repeatable levels by time:
     D:2: 1023 daAuts
     D:4: 969 daAuts
     D:3: 883 daAuts
     D:1: 652 daAuts
     D:5: 78 daAuts
